 Dungeon Crawl Stone Soup version 0.17.0-23-g0de4337 (webtiles) character file.

121 inmateoo the Firebug (level 4, -1/30 HPs)
             Began as a Demonspawn Fire Elementalist on Nov 13, 2015.
             Slain by an orc
             ... wielding a +0 trident
              (7 damage)
             ... on level 3 of the Dungeon.
             The game lasted 00:05:22 (2417 turns).

inmateoo the Firebug (Demonspawn Fire Elementalist) Turns: 2417, Time: 00:05:24

Health: -1/30      AC:  8    Str:  9      XL:     4   Next: 77%
Magic:  1/7        EV: 16    Int: 17      God:
Gold:   58         SH:  0    Dex: 15 (18) Spells: 3 memorised, 1 level left

rFire  . . .     SeeInvis .     d - +1 dagger (protect)
rCold  . . .     Clarity  .     a - +1 robe
rNeg   . . .     SustAt   .     (no shield)
rPois  .         Gourm    .     (helmet restricted)
rElec  .         Spirit   .     (no cloak)
rCorr  .         Warding  .     (no gloves)
rMut   .         Stasis   .     (no boots)
MR     .....                    (no amulet)
Stlth  +++.......               (no ring)
                                g - -2 ring of evasion (curse)

@: agile, very slightly contaminated, not resistant to hostile enchantments,
fairly stealthy
A: antennae 1, powered by pain 1, spiny 1
a: no special abilities


You were on level 3 of the Dungeon.
You were not hungry.

You visited 1 branch of the dungeon, and saw 3 of its levels.

You collected 58 gold pieces.

Inventory:

Hand Weapons
 d - a +1 dagger of protection (weapon)
Armour
 a - a +1 robe (worn)
Jewellery
 g - a cursed -2 ring of evasion (left hand)
Scrolls
 e - a scroll of magic mapping
Potions
 f - a potion of degeneration
 h - a potion of heal wounds
 i - a potion of magic
 j - 2 potions of brilliance
 k - a potion of cure mutation {unknown}
 l - a potion of lignification {unknown}
 o - a potion of curing
 q - a potion of berserk rage {unknown}
 r - a potion of agility {unknown}
Books
 b - a book of Flames

   Spells                             Type                      Level
   a - Flame Tongue                   Conjuration/Fire             1
   b - Throw Flame                    Conjuration/Fire             2
   c - Conjure Flame                  Conjuration/Fire             3
   d - Inner Flame                    Hexes/Fire                   3
   e - Sticky Flame                   Conjuration/Fire             4
   f - Fireball                       Conjuration/Fire             5
Comestibles
 c - a bread ration
 m - 3 meat rations
 n - a beef jerky
 p - a chunk of flesh


   Skills:
 + Level 2.5 Dodging
 + Level 2.6 Stealth
 + Level 2.4 Spellcasting
 + Level 1.6 Conjurations
 * Level 3.7 Fire Magic


You had one spell level left.
You knew the following spells:

 Your Spells              Type           Power        Failure   Level  Hunger
a - Flame Tongue          Conj/Fire      ##...        10%         1    #......
b - Throw Flame           Conj/Fire      ##....       12%         2    ##.....
c - Conjure Flame         Conj/Fire      ##......     21%         3    ###....


Dungeon Overview and Level Annotations

Branches:
Dungeon (3/15)

Altars:
Nemelex Xobeh

Annotations:
D:3 SaintRoka's ghost, amateur VSFE


Innate Abilities, Weirdness & Mutations

You have a pair of small antennae on your head.
You sometimes gain a little power by taking damage.
You are partially covered in sharp spines.


Message History

SaintRoka's ghost is heavily damaged.
The orc hits you from afar with a trident.
SaintRoka's ghost casts a spell at you. The flame tongue hits you!
* * * LOW HITPOINT WARNING * * *
You are too injured to fight recklessly!
SaintRoka's ghost wails, "They lied to you.
The Dungeon just goes down and down forever."
Read which item? (? for menu, Esc to quit)
Okay, then.
Press: ? - help, v - describe, . - travel
Here: SaintRoka's ghost (heavily damaged)
The floor, spattered with blood.
Drink which item? (? for menu, Esc to quit)
It was a potion of degeneration.
There was something very wrong with that liquid.
You feel clumsy.
SaintRoka's ghost is struck by your spines.
SaintRoka's ghost closely misses you.
The orc hits you from afar with a trident!
You die...

#.#...b ..#...#..#...#.#.#.#
#..####.#........#.#.#.#.#
#..#....#..##<.#.#.#.#.#.#
#.#............#.#.#.#.#.#.#
.................#.#.#.#.##
#.#####..####..#.#.###.#......#
#........†.....#.#.###.#.######
#######..#####.#.............#
##.# #@#.#.....#.###.#
#.#####W#########.###.#
#.<...o...............#
#..####.###.......##..# #..#
#.# #.########..# #..# #.# #.#
#..# #oW# #†# #.# #..# #..# #.#
#.########..## .... #.#
#............#


You could see SaintRoka's ghost and an orc.

Vanquished Creatures
  6 adders
  2 worms
  A giant gecko (D:1)
  A giant cockroach (D:1)
  6 hobgoblins
  2 jackals (D:1)
  14 kobolds
  A ball python (D:2)
  4 bats
  2 giant newts
  19 goblins
  6 rats
64 creatures vanquished.

Notes
Turn   | Place    | Note
--------------------------------------------------------------
     0 | D:1      | inmateoo the Demonspawn Fire Elementalist began the quest for the Orb.
     0 | D:1      | Reached XP level 1. HP: 13/13 MP: 3/3
   275 | D:1      | Gained mutation: You have a pair of small antennae on your head. [demonic ancestry]
   275 | D:1      | Reached XP level 2. HP: 19/19 MP: 3/5
   280 | D:1      | Reached skill level 3 in Fire Magic
   789 | D:1      | You fall through a shaft!
   967 | D:1      | Gained mutation: You sometimes gain a little power by taking damage. [demonic ancestry]
   967 | D:1      | Reached XP level 3. HP: 24/24 MP: 0/6
  1419 | D:2      | Learned a level 2 spell: Throw Flame
  1423 | D:2      | Learned a level 3 spell: Conjure Flame
  1679 | D:2      | Gained mutation: You are partially covered in sharp spines. [demonic ancestry]
  1679 | D:2      | Reached XP level 4. HP: 30/30 MP: 1/7
  1848 | D:2      | Found a sparkling altar of Nemelex Xobeh.
  2399 | D:3      | Noticed SaintRoka's ghost (amateur VSFE)
  2417 | D:3      | Slain by an orc

Action                   |  1- 3 |  4- 6 || total
-------------------------+-------+-------++-------
Melee: Unarmed           |     5 |       ||     5
       Dagger            |       |    12 ||    12
 Cast: Flame Tongue      |    84 |    31 ||   115
  Use: Scroll            |     6 |     3 ||     9
       Potion            |     3 |     1 ||     4
  Eat: Chunk             |     3 |     3 ||     6
